 Dungeon Crawl Stone Soup version 0.17-a0-1450-g7e755d1 (webtiles) character file.

39 HEYYEYAAE the Gusty (level 3, -2/26 HPs)
             Began as a Human Air Elementalist on June 30, 2015.
             Slain by an adder (5 damage)
             ... on level 2 of the Dungeon.
             The game lasted 00:02:03 (1138 turns).

HEYYEYAAE the Gusty (Human Air Elementalist)        Turns: 1138, Time: 00:02:03

Health: -2/26      AC:  2    Str:  8      XL:     3   Next: 70%
Magic:  1/6        EV: 12    Int: 14 (16) God:
Gold:   30         SH:  0    Dex: 13      Spells: 1 memorised, 5 levels left

rFire  . . .     SeeInvis .     h - +0 short sword (flame)
rCold  . . .     Clarity  .     a - +0 robe
rNeg   . . .     SustAt   .     (no shield)
rPois  .         Gourm    .     (no helmet)
rElec  .         Spirit   .     (no cloak)
rCorr  .         Warding  .     (no gloves)
rMut   .         Stasis   .     (no boots)
MR     .....                    (no amulet)
Stlth  +.........               (no ring)
                                i - ring of loudness (curse)

@: lethally poisoned (-2 -> -16), not resistant to hostile enchantments, very
unstealthy
A: no striking features
a: no special abilities


You were on level 2 of the Dungeon.
You were not hungry.

You visited 1 branch of the dungeon, and saw 2 of its levels.

You collected 30 gold pieces.

Inventory:

Hand weapons
 h - a +0 short sword of flaming (weapon)
Armour
 a - a +0 robe (worn)
Jewellery
 i - a cursed ring of loudness (left hand)
Scrolls
 e - a scroll of amnesia {unknown}
 g - a scroll of recharging {unknown}
 k - a scroll of fog {unknown}
 m - 2 scrolls of teleportation {unknown}
Books
 b - a book of Air

   Spells                             Type                      Level
   a - Shock                          Conjuration/Air              1
   b - Swiftness                      Charms/Air                   2
   c - Repel Missiles                 Charms/Air                   2
   d - Static Discharge               Conjuration/Air              3
   e - Lightning Bolt                 Conjuration/Air              5
Comestibles
 c - a bread ration
 l - a meat ration
 n - a beef jerky


   Skills:
 + Level 1.3 Fighting
 + Level 0.6 Armour
 + Level 2.2 Dodging
 - Level 2.0 Stealth
 * Level 2.4 Spellcasting
 - Level 1.0 Conjurations
 * Level 3.3 Air Magic


You had 5 spell levels left.
You knew the following spells:

 Your Spells              Type           Power        Failure   Level  Hunger
a - Shock                 Conj/Air       #...         12%         1    #......


Dungeon Overview and Level Annotations

Branches:
Dungeon (2/15)

Altars:


Message History

You miss the adder.
The adder is moderately wounded.
You feel sick. The adder bites you.
You are lethally poisoned!
The adder poisons you! The bat hits you.
You barely miss the adder.
The adder is moderately wounded.
You feel sick. The bat closely misses you. The adder bites you.
* * * LOW HITPOINT WARNING * * *
The bat hits you but does no damage. The adder completely misses you.
Casting: Shock
Confirm with . or Enter, or press ? or * to list all spells.
Aiming: Shock
Press: ? - help, Shift-Dir - straight line, f/p - adder
Aim: an adder (moderately wounded)
The zap hits the adder.
The adder is heavily wounded.
* * * LOW HITPOINT WARNING * * *
You feel sick. The bat barely misses you. The adder bites you.
You die...

....#.. ..
.##...#### #####..#
# .#....###.....# .
###.#.##(....#####
..
##..#.###....######
...
##.##...†.##......##
....
#......##########..#
..... .....###
#########.##......
..##.#
?....b.@S<........
..##...
#########..##.....
........< .....# ...
.......## #####..# .
.......# #.#
.......# .# ...####
.. ...# ## ####


You could see an adder and a bat.

Vanquished Creatures
  A giant gecko (D:2)
  A ball python (D:1)
  4 giant cockroaches
  6 hobgoblins (D:1)
  10 bats (D:1)
  2 giant newts (D:1)
  5 goblins
  3 kobolds (D:1)
  9 rats
41 creatures vanquished.

Notes
Turn   | Place    | Note
--------------------------------------------------------------
     0 | D:1      | HEYYEYAAE the Human Air Elementalist began the quest for the Orb.
     0 | D:1      | Reached XP level 1. HP: 13/13 MP: 3/3
   204 | D:1      | Reached XP level 2. HP: 7/20 MP: 0/5
   481 | D:1      | Reached skill level 1 in Fighting
   586 | D:1      | Reached XP level 3. HP: 8/26 MP: 1/6
  1138 | D:2      | Slain by an adder

Vault maps used:
D:1:      minmay_arrival_glassed_features
D:2:      minmay_overflow_temple_star_quad, grunt_qazlal_clouds,
          serial_bayou_lagoon_a, nicolae_ru_the_path_less_chosen

Action                   || total
-------------------------++-------
Melee: Unarmed           ||    23
       Short sword       ||    73
 Cast: Shock             ||    30
  Use: Potion            ||     3
  Eat: Chunk             ||     1
